 Dungeon Crawl Stone Soup version 0.22.0-49-gab54619674 (webtiles) character file.

102 JedernureinKreuz the Magician (level 4, 0/34 HPs)
             Began as a Demonspawn Warper on Sept 7, 2018.
             Succumbed to an adder's poison
             ... on level 1 of the Dungeon.
             The game lasted 00:13:15 (2759 turns).

JedernureinKreuz the Magician (Demonspawn Warper)   Turns: 2759, Time: 00:13:16

Health: 0/34       AC:  4    Str: 17    XL:     4   Next: 50%
Magic:  8/8        EV: 12    Int: 15    God:
Gold:   115        SH:  0    Dex: 12    Spells: 6/8 levels left

rFire    . . .     SeeInvis .   a - +0 short sword
rCold    . . .     Gourm    .   (no shield)
rNeg     . . .     Faith    .   b - +1 leather armour
rPois    .         Spirit   .   (no helmet)
rElec    .         Reflect  .   (no cloak)
rCorr    .         Harm     .   (no gloves)
MR       .....                  (no boots)
Stlth    +.........             (no amulet)
HPRegen  0.11/turn              (no ring)
MPRegen  0.11/turn              (no ring)

@: mighty, lethally poisoned (0 -> -1)
A: claws 1
a: no special abilities


You were on level 1 of the Dungeon.
You were not hungry.

You visited 1 branch of the dungeon, and saw 2 of its levels.

You collected 115 gold pieces.

Inventory:

Hand Weapons
 a - a +0 short sword (weapon)
Missiles
 d - 10 poisoned needles (quivered)
Armour
 b - a +1 leather armour (worn)
Scrolls
 i - 2 scrolls of identify
Comestibles
 f - 4 rations


   Skills:
 + Level 2.6 Fighting
 + Level 2.7 Short Blades
 - Level 1.1 Throwing
 - Level 1.0 Armour
 + Level 2.5 Dodging
 + Level 2.8 Spellcasting
 - Level 2.6 Translocations


You had 6 spell levels left.
You knew the following spells:

 Your Spells              Type           Power        Failure   Level  Hunger
a - Blink                 Tloc           N/A          12%         2    ##.....

Your spell library contained the following spells:

 Spells                   Type           Power        Failure   Level  Hunger
 Shroud of Golubria       Chrm/Tloc      #.........   22%         2    ##.....
 Gell's Gravitas          Tloc           ##........   24%         3    ###....
 Lesser Beckoning         Tloc           ##........   24%         3    ###....
 Teleport Other           Tloc           ##......     24%         3    ###....
 Passage of Golubria      Tloc           N/A          63%         4    #####..


Dungeon Overview and Level Annotations

Branches:
Dungeon (2/15)

Altars:


Innate Abilities, Weirdness & Mutations

You have sharp fingernails.


Message History

* * * LOW HITPOINT WARNING * * *
You feel sick.
There is a lethal amount of poison in your body!
As you read the scroll labeled LIODAXOINI, it crumbles to dust.
You feel blessed for a moment.
It was a scroll of remove curse.
As you read the scroll labeled PIYQEI RYATA, it crumbles to dust.
You feel momentarily disoriented.
It was a scroll of magic mapping.
As you read the scroll labeled JIUXIC PU VOM, it crumbles to dust.
It is a scroll of enchant armour.
Your +0 leather armour glows green for a moment.
* * * LOW HITPOINT WARNING * * *
You feel sick.
As you read the scroll labeled BIFUYS CIEGGO, it crumbles to dust.
The air around you briefly surges with heat, but it dissipates.
It was a scroll of immolation.
* * * LOW HITPOINT WARNING * * *
You feel sick.
* * * LOW HITPOINT WARNING * * *
You feel sick.
You die...

###...#####...##
#..##.##..# #.# ##.##.#
##.## #.##...##.# #.#
####.# ### #..).8....#
#.#
##.############.########
#.#
#####...#.........#.#
#.#
##.##......#######.#.#
#..
#...##...#.#######.#.#
#..
.....##)##.##..)##.#.#
#..
.....).........†@)...#
##.
.....##.##.##.).##.###
#. #...###.##.#######.#
## ##.####.##.........#
#####........#######
......#.####.# #####.#.#
#.# #####.#.####.# ###
######## #.........##.#
##.## #.......


There were no monsters in sight!

Vanquished Creatures
  Robin (D:2)
  2 adders
  A worm (D:2)
  5 dart slugs
  A leopard gecko (D:2)
  2 bats
  A giant cockroach (D:1)
  9 goblins
  10 hobgoblins
  9 jackals
  6 kobolds
  2 frilled lizards
  3 rats (D:1)
52 creatures vanquished.

Notes
Turn   | Place    | Note
-------+----------+-------------------------------------------
     0 | D:1      | JedernureinKreuz the Demonspawn Warper began the quest for
                  | the Orb.
     0 | D:1      | Reached XP level 1. HP: 16/16 MP: 3/3
   191 | D:1      | Gained mutation: You have sharp fingernails. [demonic
                  | ancestry]
   191 | D:1      | Reached XP level 2. HP: 13/22 MP: 5/5
   204 | D:1      | Reached skill level 1 in Armour
   510 | D:1      | Reached skill level 1 in Throwing
   782 | D:1      | Reached XP level 3. HP: 24/27 MP: 6/6
  1479 | D:2      | Noticed Robin
  1506 | D:2      | HP: 1/28 [bat (1)]
  1803 | D:1      | Learned a level 2 spell: Blink
  1842 | D:2      | Killed Robin
  2075 | D:2      | Reached XP level 4. HP: 34/34 MP: 7/7
  2751 | D:1      | HP: 1/34 [poisoned by an adder]
  2759 | D:1      | Succumbed to an adder's poison

Skill      XL: |  1  2 |
---------------+-------+-----
Short Blades   | 2 |  2.7
Dodging        | 2 |  2.5
Armour         | 1 |  1.0
Throwing       | 1 |  1.1
Fighting       | |  2.6
Spellcasting   | |  2.8
Translocations | |  2.6

Action                   |  1- 3 |  4- 6 || total
-------------------------+-------+-------++-------
Melee: Short sword       |   194 |    78 ||   272
Throw: Tomahawk          |     5 |       ||     5
 Cast: Blink             |       |     2 ||     2
  Use: Scroll            |     1 |     5 ||     6
       Potion            |       |     1 ||     1
  Eat: Ration            |     1 |       ||     1
       Chunk             |       |     3 ||     3
Armor: Leather armour    |    56 |    21 ||    77
Dodge: Dodged            |   112 |    77 ||   189
